 Dungeon Crawl Stone Soup version 0.25.1-1-g288607f (webtiles) character file.

Game seed: 6559305034046728850

521 RonnieColeman the Conjurer (level 7, -4/47 HPs)
             Began as an Octopode Conjurer on Sept 12, 2020.
             Killed from afar by an orc wizard (8 damage)
             ... with a puff of frost
             ... on level 4 of the Dungeon.
             The game lasted 00:09:50 (4937 turns).

RonnieColeman the Conjurer (Octopode Conjurer)      Turns: 4937, Time: 00:09:50

Health: -4/47      AC:  1    Str:  7    XL:     7   Next: 21%
Magic:  12/12      EV: 16    Int: 20    God:
Gold:   273        SH:  3    Dex: 12    Spells: 9/12 levels left

rFire    . . .     SeeInvis .   m - +1 spear (venom)
rCold    . . .     Gourm    .   d - +0 buckler
rNeg     . . .     Faith    +   (helmet restricted)
rPois    .         Spirit   .   a - amulet of faith
rElec    .         Reflect  .   (no ring)
rCorr    .         Harm     .   (no ring)
MR       .....     Rnd*Rage +   (no ring)
Stlth    +++.......             (no ring)
HPRegen  0.15/turn              (no ring)
MPRegen  0.13/turn              (no ring)
                                (no ring)
                                (no ring)

@: no status effects
A: almost no armour, stealthy swim, amphibious, 8 rings, constrict 8, repulsion
field 1, camouflage 1, berserk 1, blink, gelatinous body 1
a: Blink


You were on level 4 of the Dungeon.
You were near starving.

You visited 1 branch of the dungeon, and saw 4 of its levels.

You collected 273 gold pieces.

Inventory:

Hand Weapons
 m - a +1 spear of venom (weapon)
Armour
 d - a +0 buckler (worn)
Jewellery
 a - an amulet of faith (around mantle)
Wands
 k - a wand of enslavement (4)
Scrolls
 c - a scroll of noise {unknown}
Potions
 g - 2 potions of might
 o - 3 potions of magic
 p - 3 potions of berserk rage
 q - 2 potions of curing
 r - a potion of flight {unknown}
Comestibles
 b - 8 rations


   Skills:
 * Level 3.8 Fighting
 * Level 4.7 Dodging
 - Level 2.6 Stealth
 + Level 3.4 Spellcasting
 + Level 4.9 Conjurations


You had 9 spell levels left.
You knew the following spells:

 Your Spells              Type           Power        Failure   Level  Hunger
a - Magic Dart            Conj           ###.         3%          1    None
b - Searing Ray           Conj           ###...       4%          2    ##.....

Your spell library contained the following spells:

 Spells                   Type           Power        Failure   Level  Hunger
 Dazzling Flash           Conj/Hex       ##....       24%         3    ###....
 Fulminant Prism          Conj/Hex       ##........   63%         4    ####...
 Iskenderun's Mystic Bla  Conj/Tloc      ##......     63%         4    ####...


Dungeon Overview and Level Annotations

Branches:
Dungeon (4/15)
 Temple: D:4-7

Altars:
Nemelex Xobeh


Innate Abilities, Weirdness & Mutations

You cannot wear most types of armour.
You are very stealthy in the water. (Stealth+)
You are amphibious.
You can wear up to eight rings at the same time.
You can use your tentacles to constrict eight enemies at once.
Your skin changes colour to match your surroundings (Stealth+).
Your rubbery body absorbs attacks. (AC +1, EV +1)
You are surrounded by a mild repulsion field. (EV +2)
You tend to lose your temper in combat.
You can translocate small distances at will.


Message History

The magic dart hits you!
* * * LOW HITPOINT WARNING * * *
The orc misses you. The orc wizard misses you.
You miss the orc wizard.
The orc wizard is moderately wounded.
You feel less confused. The orc wizard completely misses you.
The orc hits you with a +0 short sword.
* * * LOW HITPOINT WARNING * * *
The orc wizard misses you.
You barely miss the orc wizard. Your grab misses the orc wizard.
You squeeze the orc wizard.
The orc wizard is heavily wounded.
The orc wizard closely misses you. The orc closely misses you.
The orc wizard closely misses you.
You closely miss the orc wizard. Your grab misses the orc wizard.
Your squeeze misses the orc wizard.
The orc wizard is heavily wounded.
The orc wizard points at you and mumbles some strange words.
The puff of frost hits you!
You die...

...###....#..##.##........
#.#...####.....##.#......
#....#.....#..##..#......
#####.#.##.#.....#..##......
.#####.....#....##........#......
.......########....##..##.......#
#######.....[.#.##..#........##..
. #.......#.#o[...####.#..... ..
#....(..#.@o.##....#.#####รท ...
#.......#o...##....#.# #. ....
#............##......# #.
.....##........##..##.....## #.
.....)....##...###.........#####.
.....)..#.##.....................
....###............#.............
... ####................##......
## ###....#####..........##.#####


You could see 2 orc wizards and an orc.

Vanquished Creatures
  Duvessa (D:4)
  Dowan (D:4)
  A water moccasin skeleton (D:3)
  2 orc priests
  A centaur skeleton (D:4)
  Crazy Yiuf (D:3)
  Robin (D:3)
  5 adders
  4 gnolls (D:3)
  An ooze (D:3)
  3 worms
  2 dart slugs
  11 orcs
  2 bats
  5 giant cockroaches
  10 goblins
  8 hobgoblins
  4 quokkas
  3 ball pythons
  4 frilled lizards
  6 kobolds
  6 rats
82 creatures vanquished.

Notes
Turn   | Place    | Note
-------+----------+-------------------------------------------
     0 | D:1      | RonnieColeman the Octopode Conjurer began the quest for the
                  | Orb.
     0 | D:1      | Reached XP level 1. HP: 11/11 MP: 3/3
   212 | D:1      | Found a sparkling altar of Nemelex Xobeh.
   249 | D:1      | Reached XP level 2. HP: 18/18 MP: 5/5
   904 | D:1      | Reached skill level 1 in Fighting
  1109 | D:2      | Reached XP level 3. HP: 17/23 MP: 2/6
  1833 | D:3      | Reached XP level 4. HP: 11/29 MP: 3/7
  1837 | D:3      | Learned a level 2 spell: Searing Ray
  2076 | D:3      | Reached XP level 5. HP: 22/34 MP: 3/9
  2299 | D:3      | Noticed Robin
  2514 | D:3      | Killed Robin
  2795 | D:3      | Found a runed translucent door.
  2796 | D:3      | Noticed Crazy Yiuf
  2827 | D:3      | Killed Crazy Yiuf
  3149 | D:3      | Reached XP level 6. HP: 38/41 MP: 10/10
  3809 | D:3      | Gained mutation: You can translocate small distances at
                  | will. [potion of mutation]
  3809 | D:3      | Gained mutation: You tend to lose your temper in combat.
                  | [potion of mutation]
  3809 | D:3      | Gained mutation: You are surrounded by a mild repulsion
                  | field. (EV +2) [potion of mutation]
  3899 | D:4      | Noticed Duvessa
  3900 | D:4      | Noticed Dowan
  3998 | D:4      | Killed Duvessa
  4241 | D:4      | Killed Dowan
  4241 | D:4      | Reached XP level 7. HP: 23/47 MP: 1/12
  4937 | D:4      | Killed from afar by an orc wizard

Illustrated notes

Levels and vault maps discovered:
D:1:      minmay_arrival_three_doors, layout_basic, grunt_decor_resistance,
          corexii_item_surrounded_by_moat, nemelex_diamond_rough_becter
D:2:      layout_basic, lemuel_crystal_altar
D:3:      minmay_wonky_spiral, layout_loops_ring, st_stairs_6,
          minmay_pentomino_pile, uniq_robin, uniq_crazy_yiuf_cottage
D:4:      layout_rooms, uniq_duvessa

Skill      XL: |  1  2  3  4  5  6 |
---------------+-------------------+-----
Fighting       | 1 2 3 |  3.8
Dodging        | 3 4 |  4.7
Spellcasting   | 3 |  3.4
Stealth        | |  2.6
Conjurations   | |  4.9

Action                   |  1- 3 |  4- 6 |  7- 9 || total
-------------------------+-------+-------+-------++-------
Melee: Spear             |    63 |    67 |    14 ||   144
       Constrict         |    16 |    18 |     1 ||    35
       Unarmed           |     4 |       |       ||     4
       Tentacles         |     7 |    14 |     2 ||    23
 Cast: Magic Dart        |     9 |     9 |       ||    18
       Searing Ray       |       |    19 |     4 ||    23
  Use: Scroll            |       |     6 |     2 ||     8
       Potion            |       |     3 |       ||     3
 Stab: Sleeping          |     6 |     6 |     3 ||    15
       Distracted        |     1 |       |       ||     1
  Eat: Chunk             |     3 |     8 |     1 ||    12
Armor: Skin              |     2 |     1 |     1 ||     4
Dodge: Dodged            |    18 |    53 |    28 ||    99
Block: Buckler           |     7 |    12 |     5 ||    24
